 Dungeon Crawl Stone Soup version 0.27-a0-1065-ge809cff456 (webtiles) character file.

Game seed: 15929664883163055043

22078 Luzek the Geomancer (level 12, -3/72 HPs)
             Began as a Gargoyle Earth Elementalist on Apr 23, 2021.
             Was an Elder of Vehumet.
             Slain by a skeletal warrior
             ... wielding a +1 vorpal flail
             ... led by a skeletal warrior
              (6 damage)
             ... on level 13 of the Dungeon.
             The game lasted 00:35:07 (15370 turns).

Luzek the Geomancer (Gargoyle Earth Elementalist)  Turns: 15370, Time: 00:35:08

Health: -3/72      AC: 25    Str: 13    XL:     12   Next: 96%
Magic:  4/24       EV: 15    Int: 23    God:    Vehumet [****..]
Gold:   857        SH:  0    Dex: 19    Spells: 14/28 levels left

rFire    . . .     SeeInvis +   q - +7 dire flail of Beonaram {vorpal, Contam Dex+3 SInv}
rCold    . . .     Faith    .   (shield currently unavailable)
rNeg     + . .     Spirit   .   w - +4 steam dragon scales
rPois    ∞         Reflect  .   M - +0 helmet {Int+3}
rElec    +         Harm     .   g - +1 cloak
rCorr    .         Rampage  .   k - +0 pair of gloves
Will     .....     Clarity  +   x - +0 pair of boots
Stlth    ++........             (no amulet)
HPRegen  0.22/turn              p - +6 ring of dexterity
MPRegen  0.19/turn              t - ring of wizardry

@: about to teleport
A: AC +8, negative energy resistance 1, electricity resistance, torment
resistance 1, unbreathing 1, petrification resistance, clarity
a: Renounce Religion


You were on level 13 of the Dungeon.
You worshipped Vehumet.
Vehumet was greatly pleased with you.
You visited 2 branches of the dungeon, and saw 14 of its levels.
You also visited: Sewer and Ossuary.

You collected 3705 gold pieces.
You spent 2848 gold pieces at shops.

Inventory:

Hand Weapons
 m - a +1 flail of freezing
 q - the +7 dire flail of Beonaram (weapon) {vorpal, Contam Dex+3 SInv}
   (You found it in an ossuary)

   It inflicts extra damage upon your enemies.
   It affects your dexterity (+3).
   It lets you see invisible.
   It causes magical contamination when unequipped.
 J - the +9 sword of Zonguldrok {reap}
   (You found it on level 9 of the Dungeon)

   If a monster killed with it leaves a corpse in good enough shape, the corpse
   is reanimated as a zombie friendly to the killer.
Missiles
 b - 366 stones
 d - 2 throwing nets
 n - 4 curare-tipped darts
 L - 6 boomerangs of dispersal
Armour
 g - a +1 cloak (worn)
 k - a +0 pair of gloves (worn)
 w - +4 steam dragon scales (worn)
 x - a +0 pair of boots (worn)
 M - a +0 helmet of intelligence (worn)
Jewellery
 p - a +6 ring of dexterity (left hand)
 t - a ring of wizardry (right hand)
 y - a ring of see invisible
 F - a ring of ice
 N - a +6 ring of intelligence
Wands
 c - a wand of iceblast (13)
 u - a wand of flame (25)
 B - a wand of polymorph (22)
 G - a wand of charming (9)
Scrolls
 e - 4 scrolls of teleportation
 h - a scroll of brand weapon
 j - 7 scrolls of blinking
 v - a scroll of fog
 A - 5 scrolls of magic mapping
 C - 5 scrolls of identify
 D - 5 scrolls of fear
 K - a scroll of summoning
 O - a scroll of amnesia
Potions
 a - a potion of magic
 f - 3 potions of flight
 i - 4 potions of curing
 l - a potion of invisibility
 r - a potion of cancellation
 s - 5 potions of brilliance
 z - 2 potions of berserk rage
 E - 3 potions of attraction
 H - a potion of haste
 I - 2 potions of lignification
 P - a potion of might


   Skills:
 + Level 7.6 Fighting
 + Level 6.9 Maces & Flails
 - Level 6.0 Armour
 + Level 6.0 Dodging
 - Level 2.1 Stealth
 + Level 8.5 Spellcasting
 + Level 9.4 Conjurations
 - Level 0.7 Transmutations
 + Level 11.1 Earth Magic
 + Level 6.2 Evocations


You had 14 spell levels left.
You knew the following spells:

 Your Spells              Type           Power      Damage    Failure   Level
a - Sandblast             Erth           100%       2d20      1%          1
b - Stone Arrow           Conj/Erth      100%       3d13      1%          3
c - Lee's Rapid Deconstr  Erth           28%        3d16*     1%          5
d - Irradiate             Conj/Tmut      16%        3d18      2%          5

Your spell library contained the following spells:

 Spells                   Type           Power      Damage    Failure   Level
 Freeze                   Ice            36%        1d6       1%          1
 Passwall                 Tmut/Erth      30%        N/A       1%          2
 Hailstorm                Conj/Ice       31%        3d8       1%          4
 Animate Skeleton         Necr           18%        N/A       2%          1
 Apportation              Tloc           18%        N/A       2%          1
 Corona                   Hex            10%        N/A       2%          1
 Pain                     Necr           36%        1d5       2%          1
 Summon Small Mammal      Summ           36%        N/A       2%          1
 Frozen Ramparts          Ice            18%        1d3       2%          3
 Petrify                  Tmut/Erth      37%        N/A       2%          4
 Blink                    Tloc           N/A        N/A       4%          2
 Gell's Gravitas          Tloc           4%         N/A       9%          3
 Lesser Beckoning         Tloc           4%         N/A       9%          3
 Ozocubu's Armour         Ice            9%         N/A       9%          3
 Teleport Other           Tloc           9%         N/A       9%          3
 Vampiric Draining        Necr           4%         2d6       9%          3
 Animate Dead             Necr           4%         N/A       26%         4
 Agony                    Necr           9%         N/A       56%         5
 Manifold Assault         Tloc           9%         N/A       56%         5
 Metabolic Englaciation   Hex/Ice        4%         N/A       56%         5


Dungeon Overview and Level Annotations

Branches:
Dungeon (13/15)            Temple (1/1) D:7            Lair (0/6) D:9
    Orc (0/2) D:9           Sewer (visited)         Ossuary (visited)
 Vaults: D:13-14

Altars:
Ashenzari
Cheibriados
Elyvilon
Fedhas
Kikubaaqudgha
Ru
Sif Muna
Vehumet
Xom

Shops:
D:5 !   D:9 ?:=?   D:12 [

Annotations:
D:10 1 runed translucent door, Gilette's ghost, journeyman DjCj


Innate Abilities, Weirdness & Mutations

Your stone body is resilient. (AC +8)
You are immune to poison.
You resist negative energy. (rN+)
You are resistant to electric shocks. (rElec)
You are resistant to unholy torment.
You can survive without breathing.
You are immune to petrification.
You possess an exceptional clarity of mind.


Message History

The skeletal warrior hits you but does no damage.
A human comes into view.
Unknown command.
Unknown command.
A centaur warrior comes into view.
The human barely misses you.
The centaur warrior wields a +0 longbow.
The centaur warrior shoots an arrow.
The arrow hits you!
The skeletal warrior hits you with a +1 vorpal flail!
A howler monkey comes into view.
The human shouts!
You hear a shout!
The centaur warrior shoots an arrow.
The arrow hits you! The human hits you but does no damage.
A howler monkey comes into view.
The howler monkey howls!
The howler monkey howls!
You hear two shouts!
The howler monkey hoots and howls with incredible vigour!
The centaur warrior shoots an arrow.
The arrow barely misses you. The human hits you.
You hear a shout! x4; You hear two shouts!
A two-headed ogre comes into view.
It is wielding a +0 giant spiked club and a +0 dire flail.
The two-headed ogre shouts in stereo!
A human comes into view.
The centaur warrior shoots an arrow.
The arrow hits you.
As you read the scroll of teleportation, it crumbles to dust.
You feel strangely unstable.
The human shouts!
The skeletal warrior closely misses you.
The centaur warrior shoots an arrow.
The arrow hits you but does no damage.
The howler monkey hoots and howls with incredible vigour!
The human hits you.
You hear a shout! x6
You feel better.
The centaur warrior shoots an arrow.
The arrow hits you! The skeletal warrior barely misses you.
The human hits you but does no damage.
The centaur warrior shoots an arrow.
The arrow hits you but does no damage. The skeletal warrior barely misses you.
Unknown command.
The skeletal warrior hits you with a +1 vorpal flail!!
* * * LOW HITPOINT WARNING * * *
You die...

... #.### ######## ...
#... #......# .. #...
#......#
###########..######...####
.........#..#....#...z..#
.........#..#....#.....^#
.........#..#....#......#
########..#..#....####...#
................@p.......#
.......).........z.......#
.................z.......#
.............h.h...p.....#
.............O...........#
.............c...........#
...........p.............#
......................)..#
.........................#


You could see 2 skeletal warriors, a centaur warrior, a two-headed ogre, 3
humans and 2 howler monkeys.

Vanquished Creatures
  Gastronok (D:12)
  A centaur warrior (D:12)
  4 two-headed ogres
  3 death yaks (D:9)
  Urug (D:12)
  A skeletal warrior (D:13)
  Pikel (D:6)
  An ugly thing (D:12)
  2 cyclopes
  Joseph (D:7)
  A gargoyle (D:12)
  A komodo dragon (D:12)
  An unseen horror (D:11)
  Maggie (D:6)
  A kobold demonologist (D:8)
  Psyche (D:11)
  A tengu conjurer (D:12)
  3 trolls
  A hornet (D:10)
  A shadow (D:11)
  Sigmund (D:3)
  A wraith (D:12)
  14 yaks
  3 steam dragons
  2 vampire mosquitoes (D:11)
  Duvessa (D:7)
  A water moccasin (D:9)
  14 orc warriors
  A necrophage (D:5)
  2 sky beasts
  9 ogres
  2 centaurs
  A lemure (D:6)
  A phantom (D:5)
  An elf zombie (Ossuary)
  14 kobold brigands
  4 gnoll sergeants
  2 scorpions
  5 bullfrogs
  Dowan (D:7)
  A water moccasin skeleton (D:6)
  5 wights (D:9)
  2 bullfrog zombies
  2 centaur zombies
  8 orc priests
  A hound (D:5)
  2 centaur skeletons
  Crazy Yiuf (D:2)
  3 gnoll shamans
  3 iguanas
  7 orc wizards
  3 hell rats (D:9)
  A killer bee zombie (D:7)
  2 hound zombies
  2 hound skeletons (D:5)
  4 mummies (Ossuary)
  9 adders
  37 gnolls
  A river rat (D:3)
  An adder zombie (Ossuary)
  2 worms
  2 dart slugs
  35 orcs
  5 ball pythons
  6 bats
  15 endoplasms
  15 giant cockroaches
  9 hobgoblins
  6 jackals (D:2)
  23 quokkas
  15 frilled lizards
  4 goblins
  4 goblin zombies (Ossuary)
  2 hobgoblin zombies (Ossuary)
  2 jackal zombies (Ossuary)
  26 kobolds
  An orc zombie (Ossuary)
  8 rats
383 creatures vanquished.

Vanquished Creatures (others)
  A shadow (D:11)
1 creature vanquished.

Grand Total: 384 creatures vanquished

Notes
Turn   | Place    | Note
-------+----------+-------------------------------------------
     0 | D:1      | Luzek the Gargoyle Earth Elementalist began the quest for
                  | the Orb.
     0 | D:1      | Reached XP level 1. HP: 10/10 MP: 3/3
   211 | D:1      | Reached XP level 2. HP: 15/15 MP: 5/5
   305 | D:1      | Reached skill level 4 in Earth Magic
   861 | D:2      | Reached XP level 3. HP: 19/19 MP: 6/6
   865 | D:2      | Learned a level 3 spell: Stone Arrow
  1362 | D:2      | Reached skill level 1 in Conjurations
  1363 | D:2      | Found a faded altar of an unknown god.
  1524 | D:2      | Reached XP level 4. HP: 24/24 MP: 8/8
  1988 | D:2      | Reached skill level 5 in Earth Magic
  2287 | D:2      | Found a runed translucent door.
  2288 | D:2      | Noticed Crazy Yiuf
  2293 | D:2      | Killed Crazy Yiuf
  2294 | D:2      | Reached XP level 5. HP: 28/28 MP: 4/10
  2510 | D:2      | Learned a level 5 spell: Lee's Rapid Deconstruction
  2609 | D:3      | Noticed Sigmund
  2831 | D:3      | Found a glowing drain.
  2836 | Sewer    | Entered a sewer
  3822 | Sewer    | Reached XP level 6. HP: 31/32 MP: 11/11
  3986 | D:3      | Reached skill level 6 in Earth Magic
  4047 | D:3      | Killed Sigmund
  4048 | D:3      | Reached XP level 7. HP: 36/36 MP: 3/13
  5224 | D:5      | Entered Level 5 of the Dungeon
  5284 | D:5      | Found Oduasale's Distillery.
  5291 | D:5      | Bought a potion of heal wounds for 75 gold pieces
  5291 | D:5      | Bought a potion of heal wounds for 75 gold pieces
  5538 | D:5      | Reached skill level 5 in Spellcasting
  5538 | D:5      | Reached skill level 7 in Earth Magic
  5555 | D:5      | Reached skill level 5 in Conjurations
  5555 | D:5      | Reached XP level 8. HP: 40/41 MP: 2/15
  5804 | D:5      | Reached skill level 1 in Armour
  5977 | D:5      | Reached skill level 1 in Fighting
  5977 | D:5      | Reached skill level 1 in Maces & Flails
  6504 | D:6      | Reached skill level 1 in Evocations
  6965 | D:6      | Noticed Pikel
  6995 | D:6      | Killed Pikel
  6996 | D:6      | Reached skill level 8 in Earth Magic
  6996 | D:6      | Reached XP level 9. HP: 31/49 MP: 8/17
  7171 | D:6      | Noticed Maggie
  7177 | D:6      | Killed Maggie
  7243 | D:6      | Found a radiant altar of Vehumet.
  7259 | D:6      | Became a worshipper of Vehumet
  8088 | D:7      | Noticed Duvessa
  8088 | D:7      | Noticed Dowan
  8090 | D:7      | Killed Dowan
  8098 | D:7      | Killed Duvessa
  8431 | D:7      | Found a staircase to the Ecumenical Temple.
  8452 | Temple   | Entered the Ecumenical Temple
  8646 | D:7      | Noticed Joseph
  8674 | D:7      | Killed Joseph
  8675 | D:7      | Reached XP level 10. HP: 35/56 MP: 19/19
  9333 | D:8      | Reached * piety under Vehumet
  9333 | D:8      | Offered knowledge of Freeze by Vehumet.
  9367 | D:8      | Noticed a kobold demonologist
  9380 | D:8      | Noticed a soul eater
  9381 | D:8      | Noticed a soul eater
  9387 | D:8      | Gained mutation: You possess an exceptional clarity of
                  | mind. [a neqoxec]
  9392 | D:8      | Found a sand-covered staircase.
  9396 | Ossuary  | Entered an ossuary
  9771 | Ossuary  | Identified the +7 dire flail of Beonaram {vorpal, Contam
                  | Dex+3 SInv}
  9887 | D:8      | Offered knowledge of Shock by Vehumet.
 10070 | D:8      | Reached ** piety under Vehumet
 10081 | D:8      | You fall into a shaft and drop 3 floors!
 10088 | D:11     | Reached skill level 9 in Earth Magic
 10191 | D:11     | Identified 2 scrolls of acquirement
 10191 | D:11     | Acquired 655 gold pieces
 10195 | D:11     | Acquired 488 gold pieces
 10233 | D:11     | Noticed a two-headed ogre
 10239 | D:11     | Killed a two-headed ogre
 10397 | D:10     | Entered Level 10 of the Dungeon
 10575 | D:10     | Found a runed translucent door.
 10575 | D:10     | Noticed Gilette's ghost (journeyman DjCj)
 10622 | D:10     | Found a white marble altar of Elyvilon.
 10648 | D:9      | Found the +9 sword of Zonguldrok {reap}
 10648 | D:9      | Found Yhede's Magic Scroll Shoppe.
 10659 | D:9      | Offered knowledge of Conjure Flame by Vehumet.
 10660 | D:9      | Reached skill level 5 in Fighting
 10660 | D:9      | Reached skill level 5 in Armour
 10660 | D:9      | Reached XP level 11. HP: 63/63 MP: 13/21
 10664 | D:9      | Found Utipaf Uhyukh's Jewellery Shoppe.
 10664 | D:9      | Found Yheefrem's Magic Scroll Shoppe.
 10665 | D:9      | Found Wepsoet's Book Shoppe.
 10679 | D:9      | Bought a scroll of summoning for 161 gold pieces
 10679 | D:9      | Bought a scroll of identify for 34 gold pieces
 10679 | D:9      | Bought a scroll of enchant armour for 127 gold pieces
 10679 | D:9      | Bought a scroll of enchant armour for 127 gold pieces
 10679 | D:9      | Bought a scroll of enchant armour for 127 gold pieces
 10679 | D:9      | Bought a scroll of immolation for 59 gold pieces
 10679 | D:9      | Bought 2 scrolls of fear for 119 gold pieces
 10760 | D:9      | Bought a scroll of identify for 26 gold pieces
 10760 | D:9      | Bought a scroll of acquirement for 676 gold pieces
 10762 | D:9      | Acquired 779 gold pieces
 10764 | D:9      | Bought a scroll of acquirement for 676 gold pieces
 10768 | D:9      | Acquired 840 gold pieces
 10790 | D:9      | Bought a scroll of teleportation for 39 gold pieces
 10790 | D:9      | Bought a scroll of identify for 26 gold pieces
 10790 | D:9      | Bought a scroll of blinking for 97 gold pieces
 10790 | D:9      | Bought a scroll of identify for 26 gold pieces
 10790 | D:9      | Bought a scroll of identify for 26 gold pieces
 10790 | D:9      | Bought a scroll of blinking for 97 gold pieces
 10790 | D:9      | Bought a scroll of magic mapping for 45 gold pieces
 10790 | D:9      | Bought a scroll of magic mapping for 45 gold pieces
 10790 | D:9      | Bought a scroll of teleportation for 39 gold pieces
 10863 | D:9      | Reached *** piety under Vehumet
 10970 | D:9      | Found a shimmering altar of Xom.
 10970 | D:9      | Found a shimmering altar of Xom.
 10971 | D:9      | Found a shimmering altar of Xom.
 10972 | D:9      | Found a shimmering altar of Xom.
 10973 | D:9      | Found a shimmering altar of Xom.
 11338 | D:8      | Offered knowledge of Mephitic Cloud by Vehumet.
 11783 | D:9      | Found a sacrificial altar of Ru.
 11815 | D:9      | Found a staircase to the Orcish Mines.
 11820 | D:9      | Reached **** piety under Vehumet
 11821 | D:9      | Reached skill level 5 in Maces & Flails
 11822 | D:9      | Noticed a two-headed ogre
 11830 | D:9      | Killed a two-headed ogre
 12012 | D:9      | Reached skill level 10 in Earth Magic
 12068 | D:9      | Noticed a death yak
 12070 | D:9      | Found a staircase to the Lair.
 12070 | D:9      | Noticed a death yak
 12070 | D:9      | Noticed a death yak
 12095 | D:9      | Killed a death yak
 12095 | D:9      | Killed a death yak
 12096 | D:9      | Reached skill level 5 in Dodging
 12096 | D:9      | Reached skill level 5 in Evocations
 12096 | D:9      | Killed a death yak
 12449 | D:10     | Noticed a two-headed ogre
 12457 | D:10     | Killed a two-headed ogre
 12458 | D:10     | Reached XP level 12. HP: 60/71 MP: 16/23
 12561 | D:10     | Offered knowledge of Irradiate by Vehumet.
 12568 | D:10     | Learned a level 5 spell: Irradiate
 12957 | D:10     | Found a blossoming altar of Fedhas.
 13057 | D:10     | Found a snail-covered altar of Cheibriados.
 13473 | D:11     | Noticed Psyche
 13477 | D:11     | Killed Psyche
 13889 | D:12     | Noticed Urug
 13913 | D:12     | Killed Urug
 14333 | D:12     | Found Palaguic's Armour Emporium.
 14343 | D:12     | Bought a +0 helmet of intelligence for 126 gold pieces
 14842 | D:12     | Noticed a centaur warrior
 14853 | D:12     | Killed a centaur warrior
 15107 | D:12     | Noticed Gastronok
 15120 | D:12     | Killed Gastronok
 15121 | D:12     | Reached skill level 11 in Earth Magic
 15279 | D:13     | Noticed a two-headed ogre
 15284 | D:13     | Killed a two-headed ogre
 15364 | D:13     | Noticed a centaur warrior
 15367 | D:13     | Noticed a two-headed ogre
 15370 | D:13     | HP: 3/72 [skeletal warrior/+1 vorpal flail[a skeletal
                  | warrior] (19)]
 15370 | D:13     | Slain by a skeletal warrior

Illustrated notes

Levels and vault maps discovered:
D:1:      psy_arrival_spokes, layout_rooms, chequers_serial_rivers_room_b
D:2:      layout_basic, ebering_ecumenical_altar_webs, minmay_misc_feat_square,
          minmay_increasing_density, uniq_crazy_yiuf_cottage
D:3:      layout_rooms, gup_sewer_entry_bowl, kennysheep_generic_room_13,
          uniq_sigmund
D:4:      layout_basic
D:5:      layout_basic, serial_shops, nicolae_shop_statue_plus,
          kennysheep_generic_room_4
D:6:      layout_layer_cave, old_standard_altar, minmay_misc_feat_alley,
          uniq_maggie, uniq_pikel
D:7:      layout_basic, minmay_temple_entry_arrows, uniq_joseph, uniq_duvessa
D:8:      layout_loops_ring, special_room [special_room_kobold],
          chequers_ossuary_entry_cave, kennysheep_flooded_box
D:9:      layout_roguey, nicolae_ru_awakened_eye, xom_shifter_show,
          dpeg_lair_monsters, kennysheep_orc_monster_closet_entryway,
          minmay_shop_grid_forest
D:10:     layout_small_grid, nicolae_elyvilon_peaceful_grove, kennysheep_mini,
          lemuel_tele_altar, ebering_ghost_inner_flame
D:11:     layout_rooms, uniq_psyche
D:12:     layout_roguey [special_room_orc], serial_shops, nicolae_shop_crystal,
          grunt_decor_one_mirror, uniq_urug, uniq_gastronok
D:13:     layout_grid_maze, david_vaults_3
Temple:   lightli_temple_of_artemis

Skill      XL: |  1  2  3  4  5  6  7  8  9 10 11 12 |
---------------+-------------------------------------+-----
Earth Magic    | 4 5 6 7 8 9 10 11 | 11.1
Conjurations   | 1 2 4 5 6 7 8 9 |  9.4
Spellcasting   | 3 4 5 6 7 8 |  8.5
Armour         | 2 3 5 6 |  6.0
Fighting       | 2 3 5 6 7 |  7.6
Maces & Flails | 2 3 4 5 6 |  6.9
Dodging        | 2 3 4 5 6 |  6.0
Evocations     | 2 3 4 5 6 |  6.2
Stealth        | |  2.1
Transmutations | |  0.7

Action                   |  1- 3 |  4- 6 |  7- 9 | 10-12 || total
-------------------------+-------+-------+-------+-------++-------
Melee: Dagger            |    12 |       |       |       ||    12
       Unarmed           |     1 |       |       |       ||     1
       Short sword       |    53 |   193 |   215 |    95 ||   556
       Dire flail        |       |       |       |   309 ||   309
Throw: Throwing net      |       |     1 |       |       ||     1
 Cast: Sandblast         |    19 |    36 |    31 |    37 ||   123
       Stone Arrow       |       |     4 |    18 |    36 ||    58
       Lee's Rapid Decon |       |       |    14 |    28 ||    42
Evoke: Wand              |       |       |    27 |    17 ||    44
  Use: Scroll            |       |     8 |     8 |    21 ||    37
       Potion            |       |     1 |     2 |     5 ||     8
 Stab: Sleeping          |       |     6 |     5 |     6 ||    17
       Distracted        |       |       |     1 |     1 ||     2
Armor: Robe              |    28 |    92 |    91 |       ||   211
       Steam dragon scal |       |       |    37 |   271 ||   308
Dodge: Dodged            |    55 |   179 |   153 |   390 ||   777

Table legend: (Time is in decaauts)
 A = Elapsed time spent in this place.
 B = Non-inter-level travel time spent in this place.
 C = Inter-level travel time spent in this place.
 D = Time resting spent in this place.
 E = Time spent auto-exploring this place.
 F = Levels seen in this place.
 G = Mean time per level.
                   A        B        C        D        E       F      G
               +--------+--------+--------+--------+--------+-----+--------+
         Total |  15532 |  15140 |    392 |   1701 |  10448 |  16 |  970.8 |
       Dungeon |  13873 |  13481 |    392 |   1128 |   9831 |  13 | 1067.2 |
        Temple |      1 |      1 |      0 |      0 |      0 |   1 |    1.0 |
         Sewer |   1219 |   1219 |      0 |    392 |    506 |   1 | 1219.0 |
       Ossuary |    437 |    437 |      0 |    181 |    110 |   1 |  437.0 |
               +--------+--------+--------+--------+--------+-----+--------+

Top non-repeatable levels by time:
     D:6: 1636 daAuts
     D:2: 1459 daAuts
    D:12: 1426 daAuts
     D:8: 1283 daAuts
     D:5: 1269 daAuts
   Sewer: 1219 daAuts
    D:10: 1208 daAuts
     D:1: 1123 daAuts
     D:7: 1058 daAuts
     D:9: 994 daAuts
     D:4: 871 daAuts
    D:11: 745 daAuts
     D:3: 669 daAuts
 Ossuary: 437 daAuts
    D:13: 125 daAuts
